 Dungeon Sprint DCSS version 0.28-a0-178-ga708605c5b (webtiles) character file.

Game seed: 14607058451131637410

49 MikeHunt the Magician (level 3, -13/28 HPs)
             Began as a Naga Conjurer on Aug 17, 2021.
             Mangled by a water elemental (20 damage)
             ... in the Dungeon (Sprint III: "The Ten Rune Challenge").
             The game lasted 00:02:46 (388 turns).

MikeHunt the Magician (Naga Conjurer)                Turns: 388, Time: 00:02:46

Health: -13/28     AC:  2    Str:  9    XL:     3   Next: 77%
Magic:  6/10       EV:  9    Int: 19    God:
Gold:   23         SH:  0    Dex:  9    Spells: 8/14 levels left

rFire   . . .      SeeInvis +   h - +0 mace
rCold   . . .      Faith    .   (no shield)
rNeg    . . .      Spirit   .   a - +0 robe
rPois   +          Reflect  .   (no helmet)
rElec   .          Harm     .   (no cloak)
rCorr   .          Rampage  .   (no gloves)
Will    .....      NoTele   +   (no barding)
Stlth   ++........              (no amulet)
HPRegen 0.09/turn               (no ring)
MPRegen 0.12/turn               (no ring)

@: engulfed (cannot breathe), very slow
A: AC +1, large, see invisible, deformed body, poison resistance, slowness 2,
spit poison 1, naga tail 1
a: Spit Poison


You were in the Dungeon.
You visited 1 branch You collected 23 gold pieces.

Inventory:

Hand Weapons
 h - a +0 mace (weapon)
Armour
 a - a +0 robe (worn)
Scrolls
 g - a scroll of blinking
 j - 2 scrolls of holy word
Potions
 b - a potion of curing
 c - 2 potions of heal wounds
 d - a potion of haste
 e - 2 potions of magic
 f - a potion of berserk rage
 i - 2 potions of mutation
 l - a potion of brilliance
 m - 3 potions of flight


   Skills:
 - Level 1.5 Dodging
 - Level 3.0 Stealth
 + Level 6.2 Spellcasting
 + Level 4.8 Conjurations
 + Level 0.0 Hexes


You had 8 spell levels left.
You knew the following spells:

 Your Spells              Type           Power      Damage    Failure   Level
a - Dazzling Flash        Conj/Hex       30%        N/A       12%         3
e - Magic Dart            Conj           96%        1d7       1%          1
r - Searing Ray           Conj           48%        3d5       2%          2

Your spell library contained the following spells:

 Spells                   Type           Power      Damage    Failure   Level
 Fulminant Prism          Conj/Hex       7%         3d7       38%         4
 Iskenderun's Mystic Bla  Conj/Tloc      15%        2d5       38%         4


Dungeon Overview and Level Annotations

Branches:
Dungeon (1/1)

Altars:


Innate Abilities, Weirdness & Mutations

Your serpentine skin is tough. (AC +1)
You have supernaturally acute eyesight. (SInv)
Armour fits poorly on your strangely shaped body.
Your system is resistant to poisons. (rPois)
You cover ground very slowly.
You can spit poison.
You have a snake-like lower body.


Message History

Okay, then.
Unknown command.
As you read the scroll of identify, it crumbles to dust.
l - a potion of brilliance This spell is quite dangerous to cast!
Memorise Dazzling Flash, consuming 3 spell levels and leaving 8?
You start memorising the spell.
You continue memorising. x3
You finish memorising.
Spell assigned to 'a'.
Unknown command.
You start resting.
HP restored.
You enter the shallow water.
Moving in this stuff is going to be slow.
You open the door.
A water elemental comes into view.
The water elemental moves out of view.
Casting: Searing Ray (safe; 2% risk of failure)
Confirm with . or Enter, or press ? or * to list all spells.
Okay, then.
Unknown command.
Casting: Searing Ray (safe; 2% risk of failure)
Confirm with . or Enter, or press ? or * to list all spells.
Aiming: Searing Ray (safe; 2% risk of failure)
Press: ? - help, Shift-Dir - straight line, f - water elemental
Aim: a water elemental (87% to hit)
The searing ray hits the water elemental!
The water elemental is moderately damaged. (Press . to maintain the ray.)
The searing ray hits the water elemental!
The water elemental is severely damaged.
The water elemental hits you!
Ouch! That really hurt!
The water elemental engulfs you in water!
The searing ray hits the water elemental.
The water elemental is almost destroyed.
* * * LOW HITPOINT WARNING * * *
Your lungs strain for air!
The water elemental hits you!!
Ouch! That really hurt!
You die...

▓▓▓▓▓▓▓▓▓▓▓▓▓ ▓▓▓
▓<.#..'...♣.♣♣ ♣.#
▓..#..#....♣.♣ ♣♣.#
▓#†####....♣.♣ ♣..#
▓...†.#....≈♣♣♣♣..###+#+#
▓.....#...≈≈.♣....#......
▓.....#..≈≈≈≈.....'.⌠....
▓####†#..≈≈≈≈≈≈♣♣E#
▓....[#.≈≈≈≈≈≈..@.#
▓.....#.≈≈≈≈≈.....#
▓.....#.≈≈≈.......#
▓'#####...........#
▓.................#
▓▓▓▓▓▓▓▓▓▓▓▓▓▓▓▓▓▓▓


You could see a water elemental.

Vanquished Creatures
  Jessica (D)
  A human (D)
  A phantom (D)
  3 rats (D)
6 creatures vanquished.

Vanquished Creatures (others)
  5 plants (D)
5 creatures vanquished.

Grand Total: 11 creatures vanquished

Notes
Turn   | Place    | Note
-------+----------+-------------------------------------------
     0 | D        | MikeHunt the Naga Conjurer began the quest for the Orb.
     0 | D        | Reached XP level 1. HP: 15/15 MP: 3/3
    36 | D        | Noticed Jessica
    40 | D        | Killed Jessica
    41 | D        | Reached skill level 5 in Spellcasting
    41 | D        | Reached XP level 2. HP: 13/22 MP: 2/8
    41 | D        | Reached XP level 3. HP: 17/28 MP: 2/10
   109 | D        | Learned a level 2 spell: Searing Ray
   199 | D        | Reached skill level 6 in Spellcasting
   309 | D        | Learned a level 3 spell: Dazzling Flash
   384 | D        | Noticed a water elemental
   388 | D        | Mangled by a water elemental

Illustrated notes

Levels and vault maps discovered:
D:        dungeon_sprint_mu [sprint_mu_entry_forest, sprint_mu_temple_rooms,
          sprint_mu_d1_spiders, sprint_mu_d2_genie, sprint_mu_d3_branching,
          sprint_mu_orc_legion, sprint_mu_elf_gauntlet, sprint_mu_hive_nellie,
          sprint_mu_lair_fedhas, sprint_mu_vaults_butterflies,
          sprint_mu_slime_circle, sprint_mu_swamp_cave, sprint_mu_shoals_kraken,
          sprint_mu_blade_basic, sprint_mu_crypt_lich, sprint_mu_tomb_spiral,
          sprint_mu_vestibule_basic, sprint_mu_gehenna_hellfire,
          sprint_mu_dis_giant, sprint_mu_tartarus_statrot,
          sprint_mu_cocytus_islands, sprint_mu_zot1]

Skill      XL: |  1  2  3 |
---------------+----------+-----
Spellcasting   | 5 6 |  6.2
Dodging        | |  1.5
Stealth        | |  3.0
Conjurations   | |  4.8

Action                   || total
-------------------------++-------
 Cast: Magic Dart        ||     7
       Searing Ray       ||     4
 Abil: Spit Poison       ||     5
  Use: Scroll            ||     3
       Potion            ||     1
Armor: Robe              ||     1
Dodge: Dodged            ||     4

Table legend: (Time is in decaauts)
 A = Elapsed time spent in this place.
 B = Non-inter-level travel time spent in this place.
 C = Inter-level travel time spent in this place.
 D = Time resting spent in this place.
 E = Time spent auto-exploring this place.
 F = Levels seen in this place.
 G = Mean time per level.
                   A        B        C        D        E       F      G
               +--------+--------+--------+--------+--------+-----+--------+
         Total |    422 |    422 |      0 |    251 |      0 |   1 |  422.0 |
       Dungeon |    422 |    422 |      0 |    251 |      0 |   1 |  422.0 |
               +--------+--------+--------+--------+--------+-----+--------+

Top non-repeatable levels by time:
       D: 422 daAuts
